Cogmind - Beta 16.1 @@@ ROGUE MODE // 2026.04.11 @ 17:13:40 Player: f3-rnm Result: Destroyed by S-10 Pest with Light Assault Rifle Performance ------------- Evolutions (2) 1000 Regions Visited (3) 600 Robots Destroyed (21) 105 Value Destroyed (808) 808 Prototype IDs (13) 260 Alien Tech Used (0) 0 Bonus (-33) -33 TOTAL SCORE: 2740 Bonus ------- Friendly Fire -33 Cogmind --------- Core Integrity 0/550 Matter 231/300 Energy 98/100 System Corruption 0% Temperature Cool (0) Movement Core (50) Location -8/Materials Parts ------- > --- POWER (1) -------- (None) > --- PROPULSION (4) --- (None) > --- UTILITY (4) ------ (None) > --- WEAPON (2) ------- (None) > --- INVENTORY (5) ---- 1B-0RG's Assimilator Peak State ------------ > --- POWER ------------ Light Ion Engine > --- PROPULSION ------- Light Treads Spiked Treads Titanium Leg > --- UTILITY ---------- Disposable Heat Sink Large Storage Unit Makeshift Hacking Suite > --- WEAPON ----------- Powered Cannon > --- INVENTORY -------- Subdweller Monowheel Pulse Rifle Subdweller Beam Cannon Subdweller Machine Gun Subdweller Shrapnel Launcher Subdweller Shrapnel Launcher 1B-0RG's Assimilator [Rating: 35] Favorites ----------- Power Light Ion Engine Engine Light Ion Engine Propulsion Light Treads Treads Light Treads Leg Titanium Leg Wheel Subdweller Monowheel Utility Small Storage Unit Device Seismic Detector Storage Small Storage Unit Hackware Makeshift Hacking Suite Weapon Subdweller Beam Cannon Energy Gun Pulse Rifle Energy Cannon Subdweller Beam Cannon Ballistic Gun Subdweller Machine Gun Ballistic Cannon Battle Cannon Launcher Subdweller Shrapnel Launcher Build | -11 -10 -10 -8 ------- Run | Yrd Mat Sub Mat Slots Evolved 4 | . . . 4 Power . | . . . . Propulsion 2 | . . . 2 Utility 2 | . . . 2 Weapon . | . . . . Parts Attached 27 | 5 1 14 7 Power 4 | 1 . 2 1 Engine 4 | 1 . 2 1 Core . | . . . . Reactor . | . . . . Propulsion 6 | 1 . 4 1 Treads 3 | 1 . 2 . Leg 1 | . . . 1 Wheel 2 | . . 2 . Hover . | . . . . Flight . | . . . . Utility 5 | 1 1 1 2 Device 2 | . 1 . 1 Storage 2 | 1 . 1 . Processor . | . . . . Hackware 1 | . . . 1 Protection . | . . . . Artifact . | . . . . Weapon 12 | 2 . 7 3 Energy Gun 1 | . . . 1 Energy Cannon 5 | . . 4 1 Ballistic Gun 4 | 2 . 2 . Ballistic Cannon 1 | . . 1 . Launcher 1 | . . . 1 Special Weapon . | . . . . Impact Weapon . | . . . . Slashing Weapon . | . . . . Piercing Weapon . | . . . . Special Melee Weapon . | . . . . Unidentified Prototypes . | . . . . Parts Lost 9 | . . 5 4 Power 2 | . . 2 . Propulsion 2 | . . 1 1 Utility 2 | . . 1 1 Weapon 3 | . . 1 2 Highest Loss Streak 3 | . . 2 3 To Critical Strikes 1 | . . 1 . Average Backups 9 | 1 3 11 7 Power . | . 1 . . Propulsion 1 | 1 2 1 . Utility 1 | . . 1 . Weapon 6 | . . 7 4 Tool/Special . | . . . . Unused Backups 6 | . . 1 5 Power . | . . . . Propulsion 1 | . . . 1 Utility 1 | . . 1 . Weapon 3 | . . . 3 Tool/Special 1 | . . . 1 Average Slot Usage (%) 87 | . 82 91 68 Engine 10 | . 14 10 5 Treads 16 | . 14 16 16 Wheel 8 | . . 11 . Device 2 | . 11 . 6 Storage 21 | . 14 23 16 Energy Cannon 12 | . . 15 6 Ballistic Gun 10 | . 28 9 3 Ballistic Cannon 2 | . . 3 . Peak Build Rating 35 | 5 6 20 35 Average Rating 12 | 4 5 11 22 On Entrance 7 | . 5 6 20 Avg Prop Armor Cover (%) 13 | . . 13 6 Naked Turns 46 | . . . 46 Heaviest Build 46 | 11 12 46 46 Greatest Support 40 | 20 20 40 40 Greatest Overweight (x) 4 | 1 . 4 1 Average Overweight (x) 1 | . . 1 . Largest Inventory Capacity 15 | 8 8 15 15 Average Capacity 12 | 7 8 12 13 Most Carried 15 | 3 4 15 15 Average Carried 10 | 1 3 11 11 Final Capacity 15 | 8 8 15 5 Final Carried 15 | 3 4 15 5 Class Distribution -------------------- 100% | Mutant Dominant Class ---------------- Mutant | -10/Materials Mutant | -10/Subcaves Mutant | -8/Materials Resources | -11 -10 -10 -8 ----------- Run | Yrd Mat Sub Mat Matter Collected 661 | 235 49 291 86 Remotely . | . . . . Salvage Created 654 | . 79 428 147 Parts 44 | . 2 31 11 Haulers Intercepted . | . . . . Recyclers Shooed . | . . . . Parts Field Recycled . | . . . . Retrieved Matter . | . . . . Parts Self-Destructed 16 | . . 16 . Prevented . | . . . . Parts Restored . | . . . . Kills | -11 -10 -10 -8 ------- Run | Yrd Mat Sub Mat Combat Hostiles Destroyed 19 | . 2 11 6 Guns 9 | . 2 6 1 Cannons 6 | . . 5 1 AOE 4 | . . . 4 Classes Destroyed 5 | . 1 2 2 Builder 1 | . . . 1 Tunneler 1 | . . . 1 Grunt 7 | . 2 . 5 Sentry 2 | . . 1 1 Subdweller 10 | . . 10 . Best Kill Streak 6 | . 2 2 6 Combat Bots Only 5 | . 2 2 5 Max Kills in Single Turn 2 | . 1 1 2 Gunslinging . | . . . . Exploded 2 | . . . 2 Melee . | . . . . Uniques/NPCs Destroyed . | . . . . Combat | -11 -10 -10 -8 -------- Run | Yrd Mat Sub Mat Hostile Shots Fired 152 | . 8 58 86 Missed 34 | . 1 11 22 Hits 118 | . 7 47 64 Projectile 118 | . 7 47 64 Critical Strikes 5 | . . 2 3 Damage Taken 2281 | . 75 953 1253 Core 795 | . 12 233 550 Absorbed by Shields . | . . . . Core Remaining (%) 51 | 100 . 2 . Volleys Fired 92 | . 6 68 18 Largest 2 | . 2 2 2 Hottest 160 | . 40 160 160 Shots Fired 169 | . 12 129 28 Gun 76 | . 12 50 14 Cannon 89 | . . 79 10 Launcher 4 | . . . 4 Special . | . . . . Kinetic 86 | . 12 64 10 Thermal 83 | . . 65 18 Explosive . | . . . . Electromagnetic . | . . . . Robot Hit Streak 14 | . 5 12 14 Robot Miss Streak 3 | . 2 3 2 Penetration Max . | . . . . Secondary Targets . | . . . . Shots Hit Robots 84 | . 9 60 15 Core Hits 32 | . 4 16 12 Critical Kills 1 | . . 1 . Critical Parts Destroyed . | . . . . Critical Strikes 3 | . . 3 . Destroy 2 | . . 2 . Blast 1 | . . 1 . Melee Attacks . | . . . . Impact . | . . . . Slashing . | . . . . Piercing . | . . . . Sneak Attacks . | . . . . Combat Hostiles . | . . . . Follow-up Attacks . | . . . . Damage Inflicted 2449 | . 95 1279 1075 Guns 853 | . 95 640 118 Cannons 779 | . . 639 140 Explosions 788 | . . . 788 Melee . | . . . . Ramming 29 | . . . 29 Kinetic 1781 | . 95 848 838 Thermal 639 | . . 431 208 Explosive . | . . . . Electromagnetic . | . . . . Impact . | . . . . Slashing . | . . . . Piercing . | . . . . Highest Corruption . | . . . . Average Corruption . | . . . . Corruption Purged . | . . . . Corruption Blocked . | . . . . Overload Shots . | . . . . Overflow Damage 12 | . . . 12 Projectiles 12 | . . . 12 Explosions . | . . . . Melee . | . . . . Knockbacks 1 | . . 1 . Impact . | . . . . Kinetic 1 | . . 1 . Secondary . | . . . . Self-Inflicted Damage 44 | . . . 44 Shots 1 | . . . 1 Rammed 6 | . . . 6 Targets Rammed 6 | . . . 6 Kicked . | . . . . Crushed . | . . . . Highest Temperature 147 | . 6 85 147 Average Temperature 36 | . 6 32 46 Received Heat Transfer 813 | . 42 168 603 Siege Activations . | . . . . Martial Activations . | . . . . Shielding Activations . | . . . . Robots Disrupted . | . . . . Combat Hostiles . | . . . . Robots Corrupted . | . . . . Combat Hostiles . | . . . . Parts Fried . | . . . . Impact Corruptions . | . . . . Robots Melted . | . . . . Combat Hostiles . | . . . . Parts Melted . | . . . . Heat Transferred 925 | . . 592 333 Parts Sabotaged . | . . . . Parts Stolen . | . . . . Parts Stripped . | . . . . Power Chain Reactions . | . . . . Alert | -11 -10 -10 -8 ------- Run | Yrd Mat Sub Mat Maximum Alert Level . | . . . . Low Security (%) 100 | 100 100 . 100 Level 1 . | . . . . Level 2 . | . . . . Level 3 . | . . . . Level 4 . | . . . . Level 5 . | . . . . High Security . | . . . . Max Security . | . . . . Peak Influence 156 | . 50 . 156 Initial . | . . . . Average 40 | . 2 . 74 Influence Increases 288 | . 50 20 218 Destroy 0b10 Robot/C 180 | . 40 20 120 Destroy 0b10 Robot/NC 10 | . . . 10 Destroy Leader 30 | . 10 . 20 Successful Hack 7 | . . . 7 Destroy Structure 46 | . . . 46 Lose Combat Pursuer 15 | . . . 15 Influence Decreases 256 | . 10 60 186 Entered New Map 20 | . . 20 . Time Decay 206 | . 10 40 156 Lost Part 30 | . . . 30 Squads Dispatched 4 | . 2 . 2 Investigation 2 | . 2 . . Extermination . | . . . . Reinforcement 2 | . . . 2 Assault . | . . . . Garrison . | . . . . Intercept . | . . . . Searches Triggered . | . . . . Construction Impeded 1 | . . . 1 Haulers Reinforced . | . . . . Active Scanning Responses . | . . . . Cargo Convoy Interrupts . | . . . . Stealth | -11 -10 -10 -8 --------- Run | Yrd Mat Sub Mat Distress Signals 1 | . . . 1 Communications Jammed . | . . . . Distress Signals . | . . . . Times Spotted 35 | . 2 12 21 Peak Tracking Total 14 | . 2 2 14 Tactical Retreats 1 | . . . 1 Traps | -11 -10 -10 -8 ------- Run | Yrd Mat Sub Mat Traps Triggered 1 | . 1 . . Indirectly . | . . . . Trap Hack Attempts . | . . . . Triggered . | . . . . Disarmed . | . . . . Reprogrammed . | . . . . Reused . | . . . . Traps Extracted . | . . . . Installed . | . . . . Triggered . | . . . . Machines | -11 -10 -10 -8 ---------- Run | Yrd Mat Sub Mat Machines Disabled 1 | . . 1 . Max in Single Turn 1 | . . 1 . Machines Repaired . | . . . . Machines Dismantled . | . . . . Machines Sabotaged . | . . . . Overloaded Fab Kills . | . . . . Hacking | -11 -10 -10 -8 --------- Run | Yrd Mat Sub Mat Machines Accessed 2 | . . 1 1 Terminals 1 | . . . 1 Fabricators . | . . . . Repair Stations . | . . . . Recycling Units . | . . . . Scanalyzers . | . . . . Garrison Access . | . . . . Total Hacks 2 | . . 1 1 Successful 2 | . . 1 1 Failed . | . . . . Catastrophic . | . . . . Database Lockouts . | . . . . Manual . | . . . . Terminals 1 | . . . 1 Fabricators . | . . . . Repair Stations . | . . . . Recycling Units . | . . . . Scanalyzers . | . . . . Garrison Access . | . . . . Terminal Hacks 2 | . . 1 1 Branch Access Points 1 | . . . 1 Proto ID Catalog 1 | . . 1 . Fabricator Hacks . | . . . . Repair Station Hacks . | . . . . Recycling Unit Hacks . | . . . . Scanalyzer . | . . . . Garrison Access Hacks . | . . . . Unauthorized Hacks . | . . . . Terminals . | . . . . Fabricators . | . . . . Repair Stations . | . . . . Recycling Units . | . . . . Scanalyzers . | . . . . Garrison Access . | . . . . Data Cores Recovered . | . . . . Used . | . . . . Hacking Detections . | . . . . Full Trace Events . | . . . . Feedback Events . | . . . . Feedback Blocked . | . . . . Robot Schematics Acquired . | . . . . Robots Built . | . . . . Authchips . | . . . . Time . | . . . . Total Robot Build Rating . | . . . . Part Schematics Acquired . | . . . . Parts Built . | . . . . Authchips . | . . . . Time . | . . . . Total Part Build Rating . | . . . . Part Studies Acquired . | . . . . Parts Repaired . | . . . . Time . | . . . . Parts Recycled . | . . . . Recycled Matter . | . . . . Retrieved Matter . | . . . . Retrieved Components . | . . . . Parts Scanalyzed . | . . . . Part Schematics Acquired . | . . . . Parts Damaged . | . . . . Bothacking | -11 -10 -10 -8 ------------ Run | Yrd Mat Sub Mat Used RIF Installer . | . . . . Robots Hacked . | . . . . Non-combat . | . . . . Combat . | . . . . Robot Hacks Applied . | . . . . Relay Couplers Released . | . . . . Fabnet Peak Effective % . | . . . . Robots Rewired . | . . . . Allies Hacked . | . . . . Hacks Repelled . | . . . . Allies | -11 -10 -10 -8 -------- Run | Yrd Mat Sub Mat Total Allies . | . . . . Largest Group . | . . . . Highest-Rated Group . | . . . . Highest-Rated Ally . | . . . . Total Orders . | . . . . Ally Attacks . | . . . . Total Damage . | . . . . Kills . | . . . . Allies Corrupted . | . . . . Allies Melted . | . . . . Intel | -11 -10 -10 -8 ------- Run | Yrd Mat Sub Mat Active Infowar (turns) 306 | . 242 64 . Seismic 306 | . 242 64 . Robot Analysis Total . | . . . . Derelict Logs Recovered 2 | . . 2 . Drone Launches . | . . . . Drone Recoveries . | . . . . Exploration | -11 -10 -10 -8 ------------- Run | Yrd Mat Sub Mat Turns Passed 3025 | 85 281 2249 410 Spaces Moved 1846 | 50 49 1489 258 Core 94 | 5 . . 89 Treads 498 | 45 49 235 169 Legs . | . . . . Wheels 1254 | . . 1254 . Hover . | . . . . Flight . | . . . . Fastest Speed 50 | 50 160 110 50 Average Speed 134 | 152 160 133 131 Slowest Speed 260 | 160 160 260 250 Overloaded Moves . | . . . . Propulsion Burnouts . | . . . . Robots Hopped . | . . . . Potential Cave-ins . | . . . . Cave-ins Triggered . | . . . . Exploration Rate (%) 30 | 4 9 76 34 Regions Visited 3 Branch Regions 1 Pre-discovered Areas 2 | . . 2 . Known Exits Taken . | . . . . Unknown Exits Taken 3 | 1 1 1 . Scrap Searched 16 | . . 16 . Spaces Dug . | . . . . Terrain Destroyed 79 | . . 7 72 Melee . | . . . . Projectile 13 | . . 7 6 AOE 66 | . . . 66 Terrain Rammed . | . . . . Walls Destroyed . | . . . . Machines Disabled . | . . . . Actions | -11 -10 -10 -8 --------- Run | Yrd Mat Sub Mat Total 2221 | 57 240 1630 294 Wait 214 | . 184 30 . Move 1843 | 49 48 1488 258 Hop . | . . . . Pick Up 22 | 3 1 18 . Fast Attach 12 | 5 1 3 3 Attach 11 | . . 6 5 Detach 2 | . . . 2 Swap 7 | . . 7 . Drop 12 | . . 10 2 Fire 92 | . 6 68 18 Melee . | . . . . Ram 2 | . . . 2 Kick . | . . . . Crush 4 | . . . 4 Escape Stasis . | . . . . Rewire . | . . . . Trap . | . . . . Miscellaneous . | . . . . Route ------- -11/Scrapyard -10/Materials -10/Subcaves (discovered 2 exits: *Mat x2) -8/Materials (discovered 1 exit: [*Fac]) History --------- Turn | Location | Event 6 | -11/Scrapyard | Discovered new exit (range 15) 86 | -11/Scrapyard | Entered Materials 317 | -10/Materials | Build established: Mutant 345 | -10/Materials | Discovered new exit (range 7) 367 | -10/Materials | Entered Subcaves 553 | -10/Subcaves | Discovered new exit (range 12) 730 | -10/Subcaves | Core integrity fell below 50% 960 | -10/Subcaves | Discovered new exit (range 7) 1080 | -10/Subcaves | Learned location of Zion (-7) 1196 | -10/Subcaves | Disturbed a concealed Subdweller 1670 | -10/Subcaves | Core integrity fell below 20% 2009 | -10/Subcaves | Shifting Twisted Machinery released Sub. Beam Cannon 2026 | -10/Subcaves | Shifting Twisted Machinery released Spk. Treads 2069 | -10/Subcaves | Disturbed a concealed Subdweller 2252 | -10/Subcaves | Shifting Twisted Machinery released Mak. Hacking Suite 2307 | -10/Subcaves | Shifting Twisted Machinery released Battle Rifle 2387 | -10/Subcaves | Visited 4L-MR0's lab 2405 | -10/Subcaves | Found Powered Cannon 2411 | -10/Subcaves | Found Prototype Special Melee Weapon 2616 | -10/Subcaves | Entered Materials 2616 | -8/Materials | Evolved 4 slots: Propulsion x2, Utility x2 2847 | -8/Materials | Met 7R-MNS 2974 | -8/Materials | Attacked by 7R-MNS 2977 | -8/Materials | Attached Powered Cannon, gained temporary slot: Power 2980 | -8/Materials | Released all parts (7) 2983 | -8/Materials | Core integrity fell below 50% 3008 | -8/Materials | Core integrity fell below 20% 3011 | -8/Materials | Lost 3 parts (1n1u1w) 3026 | -8/Materials | Discovered new exit (range 5) 3026 | -8/Materials | Destroyed by S-10 Pest with Light Assault Rifle Last Messages --------------- 02974_ 7R-MNS: "But I'm the good guy! How dare you." 02975_ Sub. Machine Gun destroyed. 02977_ Core temporarily expanded with Power slot. 02980_ Lgt. Treads destroyed. 02980_ Released Lgt. Ion Engine. 02980_ Released Lrg. Storage Unit. 02980_ Released Spk. Treads. 02980_ Released Disposable Heat Sink. 02980_ Released Mak. Hacking Suite. 02980_ Released Titanium Leg. 02980_ Released Powered Cannon. 02981_ Temporary Power slot lost. 02982_ Critical hit (Burn: +37). 02983_ Slammed into K-01 Serf. 02984_ Slammed into U-05 Engineer. 02986_ ALERT: Construction progress impeded, dispatching reinforcements to local area. 02987_ K-01 Serf cleans the Hadron Collector. 03009_ Critical hit (Burn: +37). 03026_ EXIT=FOUND Map ----- +----------------------------------------------------+ | ????# + """ #???????? | | ????# # #???????? | | ????# #!! """ #???????? | | ????######## #?! """ #???????? | | ???????????# #? """ ????????? | | ???????????# #?? ????????? | | ???????????# #??# ####???????? | | ???????????# #???##??????????? | | ????######## #########+??????? | | ????# | | ????# ###########+#########??????? | | ????# #???????? ]?????????????? | | ????# #??????#! #????????????? | | ????# #??????# """ #????????????? | | ????# #??????#] """ #????????????? | | ????# #??????# """ #????????????? | | ????# #??????# #????????????? | | ????# #??????########????????????? | | #####+###????????????????????????? | | # #####????????????????????? | | #! + +????????????????????? | | # #ss #????????????????????? | | # """ !# #????????????????????? | | # """ # #????????????????????? | | # """ + +????????????????????? | | # #@ #????????????????????? | | # """ # #????????????????????? | | #* """ # #????????????????????? | | # """ # < #????????????????????? | | # # #????????????????????? | | #?###########????????????????????? | | ?????????????????????????????????? | | ?????????????????????????????????? | | ?????????????????????????????????? | | ?????????????????????????????????? | | ?????????????????????????????????? | | ?????????????????????????????????? | | ?????????????????????????????????? | | ?????????????????????????????????? | | ?????????????????????????????????? | | ?????????????????????????????????? | | ?????????????????????????????????? | | ?????????????????????????????????? | | ?????????????????????????????????? | | ?????????????????????????????????? | | ?????????????????????????????????? | | ?????????????????????????????????? | | ?????????????????????????????????? | | ?????????????????????????????????? | | ?????????????????????????????????? | +----------------------------------------------------+ Best States ------------- Heat Dissipation 31 Coolant Potential 50 Energy Generation 15 Energy Capacity 200 Matter Stores 300 Matter Capacity 300 Sight Range 16 Terrain Scan Density 10 Evasion (%) 50 Recoil Reduction 2 Offensive Hacking 11 Item Schematics ----------------- None Robot Schematics ------------------ None Fabricated ------------ Nothing Repaired ---------- Nothing Studied --------- None Alien Tech Used ----------------- None Achievements -------------- None Challenges ------------ None Game ------ Seed PointGuidedTube Manual? 0 Play Time 00:14:59 Cumulative 447.4 hours Start 2026.04.11 @ 17:02:06 End 2026.04.11 @ 17:13:40 Sessions 1 Manual Loads 0 Difficulty Rogue Special Mode None Game No. 400 Rogue 364 Adventurer 36 Explorer 0 Win Type - Total 18 Types 9/0/9/0/0/0/0/0/0/0 Lore% 73 Gallery% 83 Achievement% 67 Wizard Run 0 Options --------- Layout 0 ASCII 0 Keyboard 0 Movement Mouse Keybinds 0 Fullscreen 1 Font 18/SmallcapsGlow Map View 76x50 Zoom Use 0% Tactical HUD 1 Map Filters NONE Filters NONE Steam 1 RUN: 63ecf06d-7c2c-4820-a70d-34ca621f5f10